 Dungeon Crawl Stone Soup version 0.24-a0-380-g7ade4d1b3c (webtiles) character file.

Game seed: 2171836722702283385

52 D1HalberdGnoll the Skirmisher (level 3, -3/49 HPs)
             Began as a Draconian Abyssal Knight on June 3, 2019.
             Was a Follower of Lugonu.
             Slain by an orc warrior
             ... wielding a +0 long sword
              (9 damage)
             ... on level 2 of the Dungeon.
             The game lasted 00:01:02 (1414 turns).

D1HalberdGnoll the Skirmisher (DrAK)                Turns: 1414, Time: 00:01:03

Health: -3/49      AC: 21    Str: 14 (15) XL:     3   Next: 60%
Magic:  0/4        EV:  2    Int: 10 (12) God:    Lugonu [*.....]
Gold:   57         SH:  0    Dex:  9 (10) Spells: 2/2 levels left

rFire    . . .     SeeInvis .   a - +1 falchion
rCold    . . .     Gourm    .   (no shield)
rNeg     + + +     Faith    .   (armour unavailable)
rPois    +         Spirit   +   (helmet currently unavailable)
rElec    .         Reflect  .   (cloak currently unavailable)
rCorr    .         Harm     .   (gloves currently unavailable)
MR       .....     NoTele   +   (boots currently unavailable)
Stlth    +.........             j - amulet of guardian spirit
HPRegen  0.16/turn              (no ring)
MPRegen  0.09/turn              (no ring)

@: tree-form (expiring)
A: unfitting armour, AC +5
a: Depart the Abyss, Renounce Religion


You were on level 2 of the Dungeon.
You worshipped Lugonu.
Lugonu was aware of your devotion.
You were hungry.
You were a tree.
You visited 1 branch of the dungeon, and saw 2 of its levels.
You visited the Abyss 1 time.

You collected 57 gold pieces.

Inventory:

Hand Weapons
 a - a +1 falchion (weapon)
Jewellery
 j - an amulet of guardian spirit (around neck)
Scrolls
 f - a scroll of identify {unknown}
 h - a scroll of teleportation {unknown}
 i - a scroll of blinking {unknown}
 l - a scroll of remove curse {unknown}
Potions
 c - 2 potions of curing
 d - a potion of degeneration
Comestibles
 b - 4 rations


   Skills:
 + Level 3.7 Fighting
 * Level 3.0 Long Blades
 + Level 2.5 Dodging
 + Level 2.6 Invocations


You had 2 spell levels left.
You didn't know any spells.
Your spell library was empty.

Dungeon Overview and Level Annotations

Branches:
Dungeon (2/15)

Altars:


Innate Abilities, Weirdness & Mutations

((Your plain brown scales are hard. (AC +5)))
You cannot fit into any form of body armour.
((You are cold-blooded and may be slowed by cold attacks.))


Message History

The orc warrior completely misses you.
You riposte.
You closely miss the orc warrior.
The orc warrior is lightly wounded.
You hit the orc warrior.
The orc warrior is moderately wounded.
The orc warrior hits you but does no damage.
You hit the orc warrior but do no damage.
The orc warrior is moderately wounded.
The orc warrior hits you with a +0 long sword.
* * * LOW HITPOINT WARNING * * *
You barely miss the orc warrior.
The orc warrior is moderately wounded.
You hit the orc warrior.
The orc warrior is heavily wounded.
The orc warrior hits you but does no damage.
You closely miss the orc warrior.
The orc warrior is heavily wounded.
Your transformation is almost over.
The orc warrior hits you with a +0 long sword!
You die...

########## #
#........#### ##
#........#..# #.
#........#..### #.
#..[..........####.
#........#......##.
#........#.#.##.##.
#........#.#..#....
#.♣).....#.........
###o..#####.######.
##.....## #.# #.
#.......# #.# #.
#.......# #.
#.......# #.
##.....## #.
##......##### #.
#..[......... ..#


You could see an orc warrior.

Vanquished Creatures
  An adder (D:2)
  An ooze (D:1)
  A worm (D:1)
  2 dart slugs
  2 leopard geckos
  3 orcs (D:2)
  A ball python (D:1)
  3 giant cockroaches
  3 goblins (D:1)
  2 hobgoblins (D:1)
  A kobold (D:1)
  5 bats (D:1)
  A rat (D:1)
26 creatures vanquished.

Notes
Turn   | Place    | Note
-------+----------+-------------------------------------------
     0 | Abyss:1  | D1HalberdGnoll the Draconian Abyssal Knight began the quest
                  | for the Orb.
     0 | Abyss:1  | Reached XP level 1. HP: 19/19 MP: 2/2
     1 | Abyss:1  | Found a corrupted altar of Lugonu.
     1 | Abyss:1  | Noticed a thrashing horror
     1 | Abyss:1  | Noticed a smoke demon
     1 | Abyss:1  | Noticed a death drake
     2 | D:1      | Escaped the Abyss
    92 | D:1      | Reached * piety under Lugonu
    92 | D:1      | Reached XP level 2. HP: 25/26 MP: 3/3
   827 | D:1      | Reached XP level 3. HP: 17/31 MP: 4/4
  1194 | D:2      | Noticed an orc warrior
  1414 | D:2      | Slain by an orc warrior

Levels and vault maps discovered:
D:1:      beargit_arrival_greenhouse, layout_loops_ring
D:2:      layout_rooms, minivault_25, st_stairs_14

Skill      XL: |  1  2  3 |
---------------+----------+-----
Long Blades    | 3 |  3.0
Fighting       | |  3.7
Dodging        | |  2.5
Invocations    | |  2.6

Action                   || total
-------------------------++-------
Melee: Falchion          ||    79
       Tailslap          ||     7
Invok: Depart the Abyss  ||     1
  Use: Potion            ||     4
  Eat: Chunk             ||     1
Armor: Skin              ||    43
Dodge: Dodged            ||    43
       Rpst.: Falchion   ||    15

Table legend:
 A = Non-vault XP
 B = Vault XP
 C = Vault XP percentage of total XP
 D = Non-vault monster count
 E = Vault monster count
 F = Vault count percentage of total count
                 A         B        C        D         E       F
            +---------+---------+-------+---------+---------+-------
      Total |      75 |       0 |   0.0 |      26 |       0 |   0.0
            +---------+---------+-------+---------+---------+-------
        D:1 |      44 |       0 |   0.0 |      19 |       0 |   0.0
        D:2 |      31 |       0 |   0.0 |       7 |       0 |   0.0
            +---------+---------+-------+---------+---------+-------
